 Dungeon Crawl Stone Soup version 0.28.0 (webtiles) character file.

Game seed: 2115854971076040108

494622 freelancePsychic the Earth Mage (level 23, -6/145 (192) HPs)
             Began as a Demonspawn Conjurer on Feb 11, 2022.
             Was a High Priest of Sif Muna.
             Killed from afar by a Hell Sentinel (16 damage)
             ... with damnation
             ... on level 6 of the Iron City of Dis on Feb 12, 2022.
             The game lasted 03:13:23 (65991 turns).

freelancePsychic the Earth Mage (DsCj)             Turns: 65991, Time: 03:13:24

HP:   -6/145 (192)  AC:  2    Str:  5 (8)  XL:     23   Next: 65%
MP:   39/44         EV: 14    Int: 38 (39) God:    Sif Muna [*****.]
Gold: 2883          SH: 11    Dex: 12      Spells: 19/57 levels left

rFire   + . .      SeeInvis .   b - staff of earth
rCold   + . .      Faith    .   y - +0 buckler
rNeg    . . .      Spirit   .   D - +4 troll leather armour {Snorg}
rPois   .          Reflect  +   h - +2 helmet
rElec   .          Harm     .   E - +2 cloak {rF+}
rCorr   .          Rampage  .   (gloves unavailable)
Will    ++...                   R - +0 pair of boots
Stlth   ++........              H - amulet of the Bull {Reflect Will+ SH+5}
HPRegen 1.14/turn               T - ring of protection from cold
MPRegen 0.29/turn               p - ring of Aroic {Wiz Int+3}

@: mighty, marked, corroded, very slightly contaminated, hasted, studying
Summonings, heavily drained, very quick
A: claws 3, demonic guardian 3, powered by pain 2, augmentation 2, big brain 3,
deformed body
}: 3/15 runes: decaying, serpentine, silver
a: Renounce Religion, Channel Magic, Forget Spell, Divine Exegesis


You were on level 6 of the Iron City of Dis.
You worshipped Sif Muna.
Sif Muna was extremely pleased with you.
You visited 12 branches of the dungeon, and saw 50 of its levels.
You visited the Abyss 1 time.
You also visited: Sewer, Gauntlet and Volcano.

You collected 5390 gold pieces.
You spent 2507 gold pieces at shops.

Inventory:

Missiles
 l - 20 curare-tipped darts
Armour
 h - a +2 helmet (worn)
 q - a +0 kite shield
 y - a +0 buckler (worn)
 D - a +4 troll leather armour (worn) {Snorg}
 E - a +2 cloak of fire resistance (worn)
 I - a +2 tower shield of poison resistance
 R - a +0 pair of boots (worn)
 U - the +3 ring mail of Meubuox {Int+7}
   (You found it on level 6 of the Lair of Beasts)

   Int:       It affects your intelligence (+7).
Magical Staves
 b - a staff of earth (weapon)
 u - a staff of fire
Jewellery
 f - a +4 ring of evasion
 g - a ring of magical power
 o - an amulet of the acrobat
 p - the ring of Aroic (right claw) {Wiz Int+3}
   (You bought it in a shop on level 2 of the Orcish Mines)

   [ring of wizardry]

   It improves your spell success rate.
   Int:       It affects your intelligence (+3).
 H - the amulet of the Bull (around neck) {Reflect Will+ SH+5}
   (You found it in a Gauntlet)

   [amulet of reflection]

   It reflects blocked missile attacks.
   SH:        It affects your SH (+5).
   Will:      It increases your willpower.
 K - a ring of protection from fire
 N - a ring of poison resistance
 T - a ring of protection from cold (left claw)
 V - an amulet of guardian spirit
Wands
 v - a wand of iceblast (16)
 x - a wand of flame (54)
 z - a wand of polymorph (13)
 C - a wand of digging (13)
Scrolls
 a - 3 scrolls of magic mapping
 d - 5 scrolls of noise
 e - 3 scrolls of vulnerability
 k - 6 scrolls of fear
 m - 8 scrolls of blinking
 s - a scroll of enchant armour
 w - 10 scrolls of teleportation {@r4}
 A - 4 scrolls of enchant weapon
 J - 12 scrolls of immolation
 P - 7 scrolls of fog
 W - 2 scrolls of silence
 X - a scroll of brand weapon
Potions
 c - 3 potions of ambrosia
 i - 5 potions of heal wounds {@q2}
 j - 9 potions of curing {@q1}
 n - 3 potions of flight
 r - 7 potions of haste {@q3}
 t - 9 potions of mutation
 B - 8 potions of attraction
 F - 6 potions of invisibility
 G - 4 potions of brilliance
 L - 3 potions of degeneration
 O - a potion of berserk rage {unknown}
 Q - 3 potions of resistance
 S - 7 potions of lignification
 Y - 5 potions of magic
 Z - 7 potions of might
Miscellaneous
 M - a condenser vane


   Skills:
 + Level 18.7 Fighting
 - Level 5.5 Armour
 - Level 10.1 Dodging
 - Level 1.7 Stealth
 - Level 7.9 Shields
 - Level 8.7 Unarmed Combat
 + Level 17.5 Spellcasting
 - Level 14.9 Conjurations
 - Level 1.0 Hexes
 - Level 4.0 Translocations
 - Level 9.2 Transmutations
 - Level 6.1 Fire Magic
 * Level 9.5 Ice Magic
 - Level 1.2 Air Magic
 - Level 20.5 Earth Magic
 - Level 9.4 Invocations


You had 19 spell levels left.
You knew the following spells:

 Your Spells              Type           Power      Damage    Failure   Level
a - Statue Form           Tmut/Erth      80%        N/A       1%          6
b - Searing Ray           Conj           100%       2d8       0%          2
c - Shatter               Erth           68%        3d50*     11%         9
d - Iron Shot             Conj/Erth      64%        9d12      1%          6
e - Lee's Rapid Deconstr  Erth           68%        3d32*     0%          5
f - Magic Dart            Conj           100%       1d8       0%          1
g - Iskenderun's Mystic   Conj/Tloc      81%        2d16      1%          4
h - Irradiate             Conj/Tmut      45%        3d28      1%          5

Your spell library contained the following spells:

 Spells                   Type           Power      Damage    Failure   Level
 Foxfire                  Conj/Fire      100%       2x1d9     0%          1
 Sandblast                Erth           100%       2d20      0%          1
 Passwall                 Tmut/Erth      100%       N/A       0%          2
 Stone Arrow              Conj/Erth      100%       3d13      0%          3
 Animate Skeleton         Necr           66%        N/A       1%          1
 Apportation              Tloc           100%       N/A       1%          1
 Shock                    Conj/Air       100%       1d9       1%          1
 Slow                     Hex            100%       N/A       1%          1
 Sting                    Tmut/Pois      100%       1d8       1%          1
 Summon Small Mammal      Summ           100%       N/A       1%          1
 Blink                    Tloc           100%       N/A       1%          2
 Ensorcelled Hibernation  Hex/Ice        100%       N/A       1%          2
 Poisonous Vapours        Pois/Air       74%        N/A       1%          2
 Scorch                   Fire           100%       2d10      1%          2
 Static Discharge         Conj/Air       76%        N/A       1%          2
 Sublimation of Blood     Necr           33%        N/A       1%          2
 Wereblood                Tmut           81%        N/A       1%          2
 Call Canine Familiar     Summ           33%        N/A       1%          3
 Confusing Touch          Hex            41%        N/A       1%          3
 Conjure Flame            Conj/Fire      85%        6-21      1%          3
 Dazzling Flash           Conj/Hex       100%       N/A       1%          3
 Gell's Gravitas          Tloc           59%        N/A       1%          3
 Ignite Poison            Fire/Tmut/Pois 64%        N/A       1%          3
 Lesser Beckoning         Tloc           59%        N/A       1%          3
 Mephitic Cloud           Conj/Pois/Air  65%        N/A       1%          3
 Ozocubu's Armour         Ice            81%        N/A       1%          3
 Portal Projectile        Hex/Tloc       100%       N/A       1%          3
 Spider Form              Tmut/Pois      62%        N/A       1%          3
 Summon Guardian Golem    Hex/Summ       37%        N/A       1%          3
 Swiftness                Air            42%        N/A       1%          3
 Teleport Other           Tloc           59%        N/A       1%          3
 Tukima's Dance           Hex            41%        N/A       1%          3
 Vampiric Draining        Necr           33%        2d8       1%          3
 Animate Armour           Summ/Erth      100%       N/A       1%          4
 Flame Wave               Conj/Fire      85%        2d15      1%          4
 Fulminant Prism          Conj/Hex       38%        3d18      1%          4
 Hailstorm                Conj/Ice       90%        3d18      1%          4
 Leda's Liquefaction      Hex/Erth       53%        N/A       1%          4
 Passage of Golubria      Tloc           59%        N/A       1%          4
 Petrify                  Tmut/Erth      100%       N/A       1%          4
 Sticky Flame             Conj/Fire      85%        2d10      1%          4
 Summon Ice Beast         Ice/Summ       62%        N/A       1%          4
 Blade Hands              Tmut           40%        N/A       1%          5
 Borgnjor's Vile Clutch   Necr/Erth      52%        N/A       1%          5
 Fireball                 Conj/Fire      42%        3d17      1%          5
 Freezing Cloud           Conj/Ice/Air   39%        6-21      1%          5
 Iskenderun's Battlesphe  Conj           98%        2d14      1%          5
 Lightning Bolt           Conj/Air       38%        1d56      1%          5
 Metabolic Englaciation   Hex/Ice        32%        N/A       1%          5
 Yara's Violent Unravell  Hex/Tmut       32%        3d13      1%          5
 Starburst                Conj/Fire      42%        6d12      1%          6
 Orb of Destruction       Conj           49%        9d13      1%          7
 Alistair's Intoxication  Tmut/Pois      41%        N/A       2%          5
 Manifold Assault         Tloc           59%        N/A       2%          5
 Conjure Ball Lightning   Conj/Air       38%        3x3d12    2%          6
 Lehudib's Crystal Spear  Conj/Erth      64%        10d15     2%          8
 Cause Fear               Hex            20%        N/A       3%          4
 Anguish                  Hex/Necr       18%        N/A       4%          4
 Olgreb's Toxic Radiance  Pois           33%        N/A       5%          4
 Summon Forest            Summ/Tloc      24%        N/A       6%          5
 Silence                  Hex/Air        20%        N/A       9%          5
 Dragon Form              Tmut           40%        N/A       10%         7
 Summon Mana Viper        Hex/Summ       37%        N/A       11%         5
 Eringya's Noxious Bog    Tmut/Pois      31%        N/A       11%         6
 Simulacrum               Ice/Necr       31%        N/A       11%         6
 Excruciating Wounds      Necr           16%        N/A       13%         5
 Dispersal                Tloc           29%        N/A       14%         6
 Spellforged Servitor     Conj/Summ      37%        N/A       19%         7
 Storm Form               Tmut/Air       32%        N/A       41%         7
 Summon Cactus Giant      Summ           16%        N/A       54%         6
 Enfeeble                 Hex            20%        N/A       91%         7
 Monstrous Menagerie      Summ           16%        N/A       97%         7
 Summon Hydra             Summ           16%        N/A       97%         7
 Fire Storm               Conj/Fire      42%        8d11      99%         9
 Maxwell's Capacitive Co  Air            21%        ∞         100%        8
 Chain Lightning          Conj/Air       38%        3d50      100%        9
 Polar Vortex             Ice            40%        N/A       100%        9


Dungeon Overview and Level Annotations

Branches:
Dungeon (15/15)            Temple (1/1) D:6            Lair (6/6) D:10
  Swamp (4/4) Lair:3        Snake (4/4) Lair:3        Slime (0/5) Lair:5
    Orc (2/2) D:9             Elf (3/3) Orc:2        Vaults (5/5) D:14
  Crypt (3/3) Vaults:3       Tomb (0/3) Crypt:3      Depths (1/4) D:15
   Hell (visited)             Dis (4/7) Hell            Tar (0/7) Hell
  Sewer (visited)         Volcano (visited)         Gauntlet (visited)
    Geh: Hell:1         Coc: Hell:1

Altars:
Ashenzari
Cheibriados
Dithmenos
Elyvilon
Fedhas
Gozag
Hepliaklqana
Kikubaaqudgha
Makhleb
Nemelex Xobeh
Okawaru
Qazlal
Ru
Sif Muna
Trog
Uskayaw
Vehumet
Wu Jian
Xom
Yredelemnul
Zin
The Shining One
Beogh

Shops:
D:3 !   D:12 (   D:13 ?   Orc:2 !==(   Elf:2 *((   Snake:3 =   Vaults:2 [
Depths:1 !

Portals:
Hell: Depths:1

Annotations:
D:5 Grinder
Lair:5 1 runed translucent door, oldriver's ghost, journeyman FoAK
Elf:1 Roxanne
Elf:2 3 runed translucent doors


Innate Abilities, Weirdness & Mutations

You have claws for hands.
A powerful demonic guardian rushes to your aid.
You sometimes gain power by taking damage.
Your magical and physical power is enhanced at high health.
You have an absolutely massive brain. (Int +6, Wiz)
Armour fits poorly on your strangely shaped body.


Message History

You block the caustic shrike's attack. The caustic shrike claws you!!
You are splashed with acid.
Casting: Shatter (dangerous; 11% risk of failure)
Confirm with . or Enter, or press ? or * to list all spells.
You erupt in a fountain of uncontrolled magic!
The caustic shrike is blasted with magical radiation!!!
The caustic shrike is moderately wounded.
The caustic shrike twists and deforms.
The caustic shrike is blasted with magical radiation!!
The caustic shrike is moderately wounded.
The caustic shrike twists and deforms.
The caustic shrike is blasted with magical radiation!!!
The caustic shrike is moderately wounded.
The caustic shrike twists and deforms.
You are very lightly contaminated with residual magic.
The caustic shrike claws you.
You are splashed with acid!
The caustic shrike claws you!!
You focus on the pain.
You feel very mighty all of a sudden.
You are splashed with acid!
* * * LOW HITPOINT WARNING * * *
The caustic shrike claws you!!
* * * LOW HITPOINT WARNING * * *
You are splashed with acid!
* * * LOW HITPOINT WARNING * * *
Your Hell Sentinel hits the caustic shrike.
Your Hell Sentinel closely misses the caustic shrike.
Blink to where?
Press: ? - help, Dir - move target An ancient champion, a Hell Sentinel and 2 caustic shrikes come into view.
The ancient champion is wielding a +0 great mace of freezing.
As you read the scroll of blinking, it crumbles to dust.
The Hell Sentinel roars!
The caustic shrike screeches!
You hear a shout!
You hear a deafening roar! x2
A caustic shrike comes into view. x2
The caustic shrike sets off the alarm!
The alarm trap emits a blaring wail!
A sentinel's mark forms upon you. The Hell Sentinel gestures at you.
The sphere of damnation explodes!
The damnation engulfs you!
You die...

###############
..........b.....#
#........1......#
#.......bb..2...#
#......^........#
#.......#######.#
#.......# #
#.......#
#..@..z.#
#.......#
#.......#
.bb^........
.............
..b..........^.
#.b......1.....
###............


You could see a Hell Sentinel, 7 caustic shrikes, an ancient champion and a
friendly Hell Sentinel (summoned).

Vanquished Creatures
  5 dread liches
  An ancient lich (Vaults:5)
  Sojobo (Crypt:3)
  Boris (twice) (Vaults:2 Crypt:1)
  Frederick (Vaults:2)
  Geryon (Hell)
  Jory (Crypt:3)
  A bone dragon (Crypt:3)
  A hellephant (Hell)
  A Hell Sentinel (Dis:1)
  3 tentacled monstrosities (Vaults:5)
  3 liches
  Asterion (Vaults:3)
  2 deep elf master archers (Elf:3)
  7 ancient champions
  2 quicksilver dragons (Vaults:5)
  2 titans (Vaults:5)
  Murray (Hell)
  8 sphinxes
  An Executioner (Abyss:2)
  3 deep elf blademasters (Elf:3)
  5 tengu reavers
  A shadow dragon (Vaults:5)
  A revenant (Crypt:3)
  2 fenstrider witches (Swamp:2)
  A nagaraja (Snake:4)
  3 fire giants
  2 frost giants
  2 quicksilver elementals
  2 iron dragons
  2 deep elf elementalists (Elf:3)
  6 deep elf sorcerers
  16 vault wardens
  2 juggernaut zombies (Hell)
  2 orc warlords
  A balrug (Hell)
  3 curse skulls
  7 ghouls
  12 war gargoyles
  Louise (D:15)
  18 ironbound preservers
  A caustic shrike skeleton (Crypt:1)
  4 reapers
  4 very ugly things
  8 stone giants
  5 deep elf demonologists
  An ophan (Abyss:2)
  6 ironbound thunderhulks
  5 vampire knights
  2 juggernaut skeletons
  3 eleionomae
  4 bunyips
  11 deep elf annihilators (Elf:3)
  A lorocyproca (Hell)
  3 entropy weavers
  A dire elephant (Vaults:3)
  Snorg (D:14)
  An eidolon (Crypt:2)
  A shambling mangrove (Lair:3)
  2 blizzard demons (Hell)
  10 jiangshi
  5 deep elf death magi
  Josephine (Lair:4)
  An ettin (Depths:1)
  3 fire dragons
  43 vault guards
  14 yaktaur captains
  Erolcha (Orc:2)
  4 boulder beetles
  5 spriggan zombies
  2 great orbs of eyes
  4 deep elf high priests
  5 salamander tyrants
  15 naga warriors
  15 hydras
  4 ice dragons
  2 catoblepae
  5 spriggan skeletons
  A ghost crab (Swamp:3)
  A peacekeeper (Vaults:4)
  An ogre mage (Volcano)
  A caustic shrike simulacrum (Crypt:1)
  8 ironbound frosthearts
  12 two-headed ogres
  11 centaur warriors
  2 death knights (Crypt:1)
  19 dancing weapons
  5 alligators
  A deep troll shaman (Depths:1)
  10 anacondas
  3 vampire magi
  14 naga sharpshooters
  10 hell knights
  2 titan zombies
  10 shock serpents
  8 hell hogs (Hell)
  5 death yaks (Lair:5)
  Urug (D:13)
  A spriggan berserker (Swamp:3)
  3 orc high priests
  A tengu warrior (Depths:1)
  6 soul eaters
  4 sun demons (Hell)
  8 deep elf knights
  A titan skeleton (Abyss:2)
  Sonja (D:10)
  3 crystal echidnas
  6 salamander mystics
  A fire crab (Orc:2)
  27 skeletal warriors
  A wretched star (Abyss:2)
  2 shadow wraiths
  A storm dragon zombie (Hell)
  An iron troll (Depths:1)
  6 goliath frogs
  4 spriggan druids
  A golden dragon zombie (Hell)
  4 glowing orange brains
  A storm dragon skeleton (Crypt:2)
  8 swamp dragons
  11 deep elf archers
  An anaconda zombie (Crypt:1)
  4 tengu zombies
  7 lindwurms
  9 naga ritualists
  A lindwurm (shapeshifter) (D:14)
  3 bog bodies
  15 wizards
  5 harpies (Vaults:1)
  20 ironbound convokers
  50 deep trolls
  A spriggan simulacrum (Crypt:1)
  2 orc knights (Elf:1)
  A shadow dragon zombie (Hell)
  28 deep elf pyromancers
  11 phantasmal warriors
  16 necromancers
  An anaconda skeleton (Crypt:3)
  28 deep elf zephyrmancers
  6 mana vipers
  2 frost giant zombies (Hell)
  2 stone giant zombies
  40 ugly things
  A shadow dragon skeleton (Hell)
  A tengu skeleton (Crypt:3)
  18 salamanders
  A fire giant zombie (Hell)
  10 orc sorcerers
  A manticore (shapeshifter) (D:14)
  A will-o-the-wisp (Swamp:1)
  4 cyclopes
  2 frost giant skeletons
  A salamander (shapeshifter) (Elf:2)
  3 manticores
  A shock serpent zombie (Crypt:2)
  An elephant (shapeshifter) (Vaults:5)
  15 slime creatures
  7 fire giant skeletons (Crypt:3)
  3 elephants (Lair:6)
  12 naga magi
  A naga zombie (Crypt:2)
  A rust devil (Hell)
  An elephant slug zombie (Crypt:2)
  3 smoke demons (Hell)
  A dire elephant zombie (Hell)
  25 black mambas
  6 guardian serpents (Snake:4)
  10 vault sentinels
  A centaur skeleton (Crypt:3)
  Joseph (Lair:1)
  A demonic crawler (Hell)
  5 gargoyles
  7 cane toads
  2 naga skeletons
  2 rime drakes
  A storm dragon simulacrum (Crypt:1)
  3 hellions
  6 komodo dragons
  6 freezing wraiths
  An efreet (D:13)
  A yellow draconian skeleton (Crypt:2)
  2 tormentors
  3 guardian mummies (Crypt:3)
  An ice devil (Hell)
  A pale draconian skeleton (Crypt:1)
  A red devil (Hell)
  32 yaktaurs
  2 hydra zombies (Hell)
  A white draconian skeleton (Crypt:1)
  A minotaur skeleton (Crypt:1)
  2 tengu conjurers
  7 trolls
  A bloated husk (Swamp:2)
  A harpy zombie (Crypt:3)
  11 hornets
  6 polar bears
  6 tyrant leeches
  An ettin zombie (Crypt:2)
  A polar bear (shapeshifter) (D:12)
  A dream sheep (Lair:6)
  A tarantella (Vaults:4)
  A blink frog (shapeshifter) (Elf:3)
  A harpy skeleton (Crypt:3)
  23 blink frogs
  An iron dragon simulacrum (Crypt:1)
  A culicivora (Vaults:2)
  A jumping spider (shapeshifter) (Vaults:5)
  8 fire dragon skeletons (Crypt:3)
  An air elemental (Elf:3)
  3 vampires (Vaults:3)
  6 water elementals
  20 spriggans
  6 shadows
  A black mamba skeleton (Crypt:1)
  13 starcursed masses (Abyss:2)
  A black mamba zombie (Crypt:1)
  An ettin skeleton (Crypt:3)
  Grum (D:10)
  3 fire elementals
  A redback (shapeshifter) (Vaults:5)
  15 yaks
  17 wraiths
  3 wyverns
  3 basilisks
  25 vampire mosquitoes
  A human (shapeshifter) (Elf:1)
  A steam dragon (Gauntlet)
  4 redbacks
  2 harpy simulacra (Hell)
  24 nagas
  4 wargs
  A deep troll zombie (Crypt:2)
  Menkaure (D:4)
  11 swamp worms
  A demonspawn zombie (Crypt:3)
  A hydra simulacrum (Hell)
  2 floating eyes (shapeshifter)
  12 hell hounds
  16 water moccasins
  Pargi (Sewer)
  25 orc warriors
  9 swamp drakes (Swamp:4)
  2 ice beasts
  A cane toad skeleton (Crypt:2)
  8 black bears
  2 necrophages
  A black mamba simulacrum (Crypt:2)
  2 swamp dragon zombies (Crypt:2)
  10 ogres
  34 wolves
  4 boggarts
  30 centaurs
  A phantom (D:3)
  4 kobold brigands
  3 gnoll sergeants
  11 bullfrogs
  3 earth elementals
  A scorpion (D:10)
  A water moccasin skeleton (D:7)
  5 wights (Crypt:2)
  5 electric eels
  A howler monkey (D:4)
  4 centaur zombies
  2 crimson imps (Gauntlet)
  A quasit (Abyss:2)
  2 hounds (D:6)
  A gnoll shaman (D:8)
  14 orc priests
  2 iron imps
  2 jellies (Lair:5)
  Ijyb (D:3)
  3 iguanas
  36 orc wizards
  4 hell rats (Lair:4)
  A killer bee zombie (D:8)
  A deep dwarf zombie (Crypt:2)
  7 mummies (Crypt:3)
  3 howler monkey zombies
  16 gnolls
  7 adders
  4 shadow imps
  3 white imps
  An adder zombie (D:5)
  A worm (D:4)
  3 dart slugs
  70 orcs
  7 ball pythons
  7 endoplasms
  6 giant cockroaches
  5 goblins
  5 hobgoblins
  3 quokkas
  A ball python skeleton (Crypt:1)
  5 bats
  6 frilled lizards
  A frilled lizard skeleton (Crypt:2)
  21 kobolds
  6 rats
1732 creatures vanquished.

Vanquished Creatures (collateral kills)
  A tentacled starspawn (Abyss:2)
  A vault warden (Vaults:4)
  3 very ugly things
  A deep elf death mage (Elf:1)
  A great orb of eyes (Lair:1)
  A yaktaur captain (Vaults:5)
  A rakshasa (D:15)
  2 hydras
  A catoblepas (Lair:4)
  An anaconda (Snake:3)
  An alligator (Swamp:4)
  An orc high priest (Elf:1)
  A spriggan (Swamp:1)
  A salamander mystic (Snake:4)
  3 deep trolls
  2 deep elf archers (Elf:1)
  4 orc knights (Elf:1)
  A swamp dragon (Swamp:4)
  2 lindwurms
  A mana viper (Snake:3)
  A deep elf pyromancer (Elf:1)
  An ugly thing (D:15)
  3 deep elf zephyrmancers (Elf:1)
  A salamander (Snake:2)
  An elephant (Lair:6)
  A fire giant skeleton (Crypt:3)
  A naga mage (Snake:3)
  A torpor snail (Lair:4)
  2 black mambas
  A kobold demonologist (Depths:1)
  A cane toad (Lair:4)
  An efreet (Abyss:2)
  A yaktaur (Vaults:4)
  A polar bear (Lair:6)
  2 blink frogs (Lair:5)
  A hornet (Swamp:1)
  4 slime creatures
  A wyvern (Lair:6)
  5 yaks
  A vampire mosquito (D:12)
  A swamp worm (Swamp:4)
  A naga (Snake:4)
  5 orc warriors (Elf:1)
  A boggart (Lair:6)
  2 centaurs (D:15)
  3 orc priests (Elf:1)
  2 orcs
  2 starspawn tentacles (Abyss:2)
78 creatures vanquished.

Vanquished Creatures (others)
  A deep elf annihilator (Elf:3)
  A deep elf knight (Elf:2)
  A goliath frog (Swamp:1)
  A lindwurm (Swamp:4)
  A black mamba (Snake:2)
  A bloated husk (Swamp:1)
  A fire elemental (Elf:2)
  A steam dragon (Swamp:3)
  2 swamp drakes (Swamp:4)
  92 fungi
  161 plants
  2 starspawn tentacles (Abyss:2)
  33 withered plants (Crypt:3)
298 creatures vanquished.

Grand Total: 2108 creatures vanquished

Notes
Turn   | Place    | Note
-------+----------+-------------------------------------------
     0 | D:1      | freelancePsychic the Demonspawn Conjurer began the quest
                  | for the Orb.
     0 | D:1      | Reached XP level 1. HP: 13/13 MP: 3/3
  1024 | D:2      | Gained mutation: You have sharp fingernails. [demonic
                  | ancestry]
  1024 | D:2      | Reached XP level 2. HP: 20/20 MP: 5/5
  1027 | D:2      | Learned a level 2 spell: Searing Ray
  1130 | D:2      | Reached skill level 1 in Fighting
  1337 | D:2      | Gained mutation: You have an unusually large brain. (Int
                  | +2) [demonic ancestry]
  1337 | D:2      | Reached XP level 3. HP: 26/26 MP: 6/6
  1679 | D:2      | Found a faded altar of an unknown god.
  1835 | D:3      | Gained mutation: You have very sharp fingernails. [demonic
                  | ancestry]
  1835 | D:3      | Reached XP level 4. HP: 26/33 MP: 8/8
  1917 | D:3      | Found Suhicky's Distillery.
  1923 | D:3      | Bought a potion of curing for 30 gold pieces
  1923 | D:3      | Bought a potion of heal wounds for 50 gold pieces
  1966 | D:3      | Reached XP level 5. HP: 28/39 MP: 9/9
  2109 | D:3      | Noticed Ijyb
  2122 | D:3      | Paralysed by Ijyb for 7 turns
  2131 | D:3      | HP: 1/39 [Ijyb (6)]
  2133 | D:3      | Killed Ijyb
  2134 | D:3      | Reached skill level 5 in Conjurations
  2809 | D:4      | Reached skill level 1 in Hexes
  2856 | D:4      | Reached XP level 6. HP: 41/47 MP: 9/11
  2955 | D:3      | Reached skill level 1 in Translocations
  3187 | D:4      | Noticed a water moccasin
  3268 | D:4      | Killed a water moccasin
  3356 | D:4      | Gained mutation: You sometimes gain a little power by
                  | taking damage. [demonic ancestry]
  3356 | D:4      | Reached XP level 7. HP: 54/54 MP: 12/12
  3363 | D:4      | Noticed Menkaure
  3366 | D:4      | Killed Menkaure
  3512 | D:4      | Learned a level 4 spell: Iskenderun's Mystic Blast
  3750 | D:5      | Entered Level 5 of the Dungeon
  4076 | D:5      | Noticed Grinder
  4322 | D:5      | Found a glowing drain.
  4398 | Sewer    | Entered a sewer
  4544 | Sewer    | Reached skill level 5 in Fighting
  4608 | Sewer    | Noticed Pargi
  4616 | Sewer    | Killed Pargi
  4617 | Sewer    | Reached XP level 8. HP: 46/62 MP: 2/13
  5342 | D:6      | Found a staircase to the Ecumenical Temple.
  5347 | Temple   | Entered the Ecumenical Temple
  5354 | Temple   | Became a worshipper of Sif Muna the Loreminder
  5438 | D:6      | Reached skill level 1 in Invocations
  5894 | D:7      | Found a burning altar of Makhleb.
  6751 | D:8      | Gained mutation: A weak demonic guardian rushes to your
                  | aid. [demonic ancestry]
  6751 | D:8      | Reached XP level 9. HP: 71/71 MP: 14/14
  6991 | D:8      | Reached * piety under Sif Muna
  7226 | D:8      | Reached skill level 5 in Invocations
  8716 | D:9      | Reached ** piety under Sif Muna
  8956 | D:9      | Reached XP level 10. HP: 80/80 MP: 11/15
  9905 | D:9      | Found a blossoming altar of Fedhas.
 10161 | D:9      | Found a staircase to the Orcish Mines.
 10590 | D:9      | Found an opulent altar of Gozag.
 10618 | D:10     | Entered Level 10 of the Dungeon
 10738 | D:10     | Reached skill level 10 in Conjurations
 11055 | D:10     | Noticed Sonja
 11058 | D:10     | Killed Sonja
 11099 | D:10     | Noticed Grum
 11110 | D:10     | Killed Grum
 11267 | D:10     | Reached *** piety under Sif Muna
 11268 | D:10     | Reached skill level 10 in Fighting
 11438 | D:10     | Found a staircase to the Lair.
 11446 | D:10     | Reached XP level 11. HP: 90/90 MP: 10/17
 11505 | Lair:1   | Entered Level 1 of the Lair of Beasts
 11538 | Lair:1   | Noticed a six-headed hydra
 11615 | Lair:1   | Found a dark tunnel.
 11623 | Lair:1   | Noticed Joseph
 11625 | Volcano  | Entered a volcano
 11673 | Volcano  | Noticed a two-headed ogre
 11676 | Volcano  | Noticed an ogre mage
 11678 | Volcano  | Noticed a two-headed ogre
 11683 | Volcano  | Killed a two-headed ogre
 11686 | Volcano  | Killed an ogre mage
 11689 | Volcano  | Killed a two-headed ogre
 11760 | Volcano  | Noticed a two-headed ogre
 11775 | Volcano  | Killed a two-headed ogre
 11842 | Volcano  | Noticed a hell knight
 11847 | Volcano  | Noticed a two-headed ogre
 11862 | Volcano  | Killed a two-headed ogre
 11868 | Volcano  | Killed a hell knight
 11936 | Volcano  | Noticed a two-headed ogre
 11951 | Volcano  | Killed a two-headed ogre
 12063 | Lair:2   | Found a gate leading to a gauntlet.
 12067 | Gauntlet | Entered a Gauntlet
 12067 | Gauntlet | Found a transporter.
 12083 | Gauntlet | Found a transporter.
 12094 | Gauntlet | Found a transporter.
 12096 | Gauntlet | Found a large runed translucent door.
 12096 | Gauntlet | Noticed a balrug
 12097 | Gauntlet | Found a large runed translucent door.
 12098 | Gauntlet | Found a large runed translucent door.
 12098 | Gauntlet | Found a large runed translucent door.
 12098 | Gauntlet | Found a runed translucent door.
 12099 | Gauntlet | Found a transporter.
 12100 | Gauntlet | Found a runed translucent door.
 12101 | Gauntlet | Found a large runed translucent door.
 12101 | Gauntlet | Found a large runed translucent door.
 12102 | Gauntlet | Found a large runed translucent door.
 12103 | Gauntlet | Found a large runed translucent door.
 12109 | Gauntlet | Found a large runed translucent door.
 12109 | Gauntlet | Found a large runed translucent door.
 12110 | Gauntlet | Found a large runed translucent door.
 12110 | Gauntlet | Found a large runed translucent door.
 12111 | Gauntlet | Found a large runed translucent door.
 12111 | Gauntlet | Found a large runed translucent door.
 12112 | Gauntlet | Found a runed translucent gate.
 12112 | Gauntlet | Found a runed translucent gate.
 12112 | Gauntlet | Found a runed translucent gate.
 12114 | Gauntlet | Found a transporter.
 12117 | Gauntlet | Noticed a thrashing horror
 12118 | Gauntlet | Noticed a thrashing horror
 12124 | Gauntlet | Found a large runed translucent door.
 12125 | Gauntlet | Found a large runed translucent door.
 12133 | Gauntlet | Found a transporter.
 12145 | Gauntlet | Found a transporter.
 12145 | Gauntlet | Noticed an orange crystal statue
 12154 | Gauntlet | Found a transporter.
 12168 | Gauntlet | Noticed a fire crab
 12169 | Gauntlet | Found a transporter.
 12169 | Gauntlet | Noticed an entropy weaver
 12181 | Gauntlet | Found a transporter.
 12198 | Gauntlet | Found a transporter.
 12215 | Gauntlet | Found a transporter.
 12217 | Gauntlet | Found a transporter.
 12258 | Gauntlet | Found a transporter.
 12259 | Gauntlet | Found a transporter.
 12262 | Gauntlet | Found a transporter.
 12263 | Gauntlet | Found a transporter.
 12408 | Gauntlet | Identified the amulet of the Bull {Reflect Will+ SH+5}
 12410 | Gauntlet | Noticed a necromancer
 12417 | Gauntlet | Noticed a minotaur
 12444 | Lair:2   | Noticed a six-headed hydra
 12661 | Lair:1   | Noticed a boulder beetle
 12662 | Lair:1   | Noticed a spark wasp
 12662 | Lair:1   | a boulder beetle changed into a spark wasp
 12664 | Lair:1   | Noticed a great orb of eyes
 12664 | Lair:1   | a spark wasp changed into a great orb of eyes
 12672 | Lair:1   | Paralysed by a great orb of eyes for 5 turns
 12685 | Lair:1   | Paralysed by a great orb of eyes for 3 turns
 12685 | Lair:1   | Killed a great orb of eyes
 12985 | Lair:1   | Reached skill level 1 in Fire Magic
 13066 | Lair:2   | Noticed a seven-headed hydra
 13075 | Lair:2   | Killed a seven-headed hydra
 13076 | Lair:2   | Reached XP level 12. HP: 99/102 MP: 12/18
 13718 | Lair:3   | Found a staircase to the Snake Pit.
 13816 | Lair:3   | Noticed a five-headed hydra
 13828 | Lair:3   | Killed a five-headed hydra
 13834 | Lair:3   | Learned a level 4 spell: Flame Wave
 14056 | Lair:3   | Identified the +4 spear "Zotteptan" {flame, rF+ rCorr SInv}
 14170 | Lair:3   | Found a staircase to the Swamp.
 14194 | Lair:3   | Reached skill level 5 in Dodging
 14800 | Lair:4   | Reached skill level 5 in Fire Magic
 15121 | Lair:4   | Noticed a catoblepas
 15133 | Lair:4   | Noticed Josephine
 15139 | Lair:4   | Killed a catoblepas
 15151 | Lair:4   | Killed Josephine
 15202 | Lair:4   | Reached **** piety under Sif Muna
 15526 | Lair:5   | Gained mutation: A demonic guardian rushes to your aid.
                  | [demonic ancestry]
 15526 | Lair:5   | Reached XP level 13. HP: 108/108 MP: 2/19
 15653 | Lair:5   | Found a staircase to the Slime Pits.
 15977 | Lair:5   | You fall into a shaft and drop 1 floor!
 15977 | Lair:6   | Entered Level 6 of the Lair of Beasts
 16124 | Lair:6   | Reached skill level 5 in Spellcasting
 16688 | Lair:6   | Reached ***** piety under Sif Muna
 16971 | Lair:6   | Received a gift from Sif Muna
 16972 | Lair:6   | Got Sif Muna's Catalogue of Excruciating Stones {god gift}
 17164 | Lair:6   | Identified the +3 ring mail of Meubuox {Int+7}
 17172 | Lair:6   | Reached skill level 1 in Transmutations
 17172 | Lair:6   | Reached skill level 1 in Earth Magic
 17462 | Lair:5   | Reached skill level 2 in Earth Magic
 17478 | Lair:5   | Reached XP level 14. HP: 65/115 MP: 3/24
 17649 | Lair:5   | Noticed oldriver's ghost (journeyman FoAK)
 17671 | Lair:5   | Found a runed translucent door.
 18049 | Lair:1   | Killed Joseph
 18272 | Orc:1    | Entered Level 1 of the Orcish Mines
 18335 | Orc:1    | Reached skill level 3 in Earth Magic
 18736 | Orc:2    | Entered Level 2 of the Orcish Mines
 19420 | Orc:2    | Paralysed by an orc sorcerer for 6 turns
 19466 | Orc:2    | Reached skill level 4 in Earth Magic
 19612 | Orc:2    | Found an ancient bone altar of Kikubaaqudgha.
 19617 | Orc:2    | Found Zono's Jewellery Shoppe.
 19620 | Orc:2    | Received a gift from Sif Muna
 19621 | Orc:2    | Got Sif Muna's Collected Works on Dislocation and Lightness
                  | {god gift}
 19802 | Orc:2    | Noticed Erolcha
 19811 | Orc:2    | Killed Erolcha
 19814 | Orc:2    | Found a radiant altar of Vehumet.
 19923 | Orc:2    | Found Nupp's Jewellery Shoppe.
 19924 | Orc:2    | Found Caifukaf's Distillery.
 19932 | Orc:2    | Reached skill level 1 in Air Magic
 19938 | Orc:2    | Bought a potion of brilliance for 60 gold pieces
 19938 | Orc:2    | Bought a potion of curing for 45 gold pieces
 19938 | Orc:2    | Bought a potion of curing for 45 gold pieces
 19959 | Orc:2    | Bought an amulet of guardian spirit for 360 gold pieces
 19980 | Orc:2    | Bought the ring of Aroic {Wiz Int+3} for 692 gold pieces
 20117 | Orc:2    | Found Kaurheu's Antique Weapon Emporium.
 20146 | Orc:2    | Learned a level 7 spell: Storm Form
 20153 | Orc:2    | Learned a level 6 spell: Statue Form
 20604 | Orc:2    | Noticed Nessos
 20605 | Orc:2    | Noticed Nessos
 20605 | Orc:2    | Nessos changed into Nessos the fire crab
 20615 | Orc:2    | Killed Nessos the fire crab
 20659 | Orc:2    | Found a staircase to the Elven Halls.
 20885 | D:11     | Reached skill level 5 in Transmutations
 21016 | D:11     | Reached skill level 5 in Earth Magic
 21652 | D:11     | Identified the +6 plate armour of Muttered Phrases {Will++
                  | Str+6 Stlth-}
 22079 | D:12     | Reached skill level 6 in Earth Magic
 22296 | D:12     | Found Yschuh's Firing Range.
 22798 | D:12     | Learned a level 5 spell: Irradiate
 23049 | D:13     | Found Domadau's Magic Scroll Emporium.
 23288 | D:13     | Noticed Urug
 23372 | D:13     | Killed Urug
 23432 | D:13     | Reached skill level 7 in Earth Magic
 23435 | D:13     | Bought a scroll of blinking for 82 gold pieces
 23435 | D:13     | Bought a scroll of teleportation for 33 gold pieces
 23435 | D:13     | Bought a scroll of blinking for 82 gold pieces
 23435 | D:13     | Bought a scroll of silence for 82 gold pieces
 24039 | D:14     | Received a gift from Sif Muna
 24190 | D:14     | Gained mutation: A powerful demonic guardian rushes to your
                  | aid. [demonic ancestry]
 24190 | D:14     | Reached XP level 15. HP: 74/120 MP: 24/26
 24915 | D:14     | Reached skill level 8 in Earth Magic
 25020 | D:14     | Noticed Snorg
 25043 | D:14     | Killed Snorg
 25202 | D:14     | You fall into a shaft and drop 1 floor!
 25202 | D:15     | Entered Level 15 of the Dungeon
 25202 | D:15     | Found a snail-covered altar of Cheibriados.
 25854 | D:15     | Noticed Louise
 25858 | D:15     | Killed Louise
 26032 | D:15     | Reached skill level 9 in Earth Magic
 26326 | D:15     | Found a staircase to the Depths.
 26590 | D:15     | Received a gift from Sif Muna
 26591 | D:15     | Got Sif Muna's Papyrus of Attacks and Orientation {god
                  | gift}
 26784 | D:15     | Learned a level 6 spell: Iron Shot
 27010 | Snake:1  | Entered Level 1 of the Snake Pit
 27069 | Snake:1  | Reached skill level 1 in Unarmed Combat
 29252 | Snake:2  | Reached skill level 5 in Unarmed Combat
 29937 | Snake:2  | Gained mutation: You have an extremely huge brain. (Int +4)
                  | [demonic ancestry]
 29937 | Snake:2  | Reached XP level 16. HP: 129/129 MP: 8/27
 30877 | Snake:3  | Found Zolyenoz's Jewellery Boutique.
 32067 | Snake:4  | Entered Level 4 of the Snake Pit
 32177 | Snake:4  | Reached skill level 10 in Dodging
 32810 | Snake:4  | Received a gift from Sif Muna
 32811 | Snake:4  | Reached skill level 10 in Earth Magic
 32811 | Snake:4  | Got Sif Muna's Reference Book on the Mutagenic Rocks {god
                  | gift}
 33183 | Snake:4  | Reached skill level 1 in Shields
 35159 | Snake:4  | Reached skill level 11 in Earth Magic
 35818 | Snake:4  | Reached skill level 1 in Armour
 35848 | Snake:4  | Gained mutation: You sometimes gain power by taking damage.
                  | [demonic ancestry]
 35848 | Snake:4  | Reached XP level 17. HP: 113/137 MP: 11/28
 36173 | Snake:4  | Got a serpentine rune of Zot
 36562 | Elf:1    | Entered Level 1 of the Elven Halls
 37096 | Elf:1    | Noticed Roxanne
 37122 | Elf:1    | Reached skill level 12 in Earth Magic
 37554 | Elf:1    | Cast into level 2 of the Abyss (deep elf death mage)
 37776 | Abyss:2  | Noticed a bone dragon
 37919 | Elf:1    | Escaped the Abyss
 39239 | Elf:2    | Got the Handbook of Earthen Snow
 39247 | Elf:2    | Learned a level 5 spell: Lee's Rapid Deconstruction
 39450 | Elf:2    | Found Edom's Antique Weapon Shop.
 39584 | Elf:2    | Reached skill level 13 in Earth Magic
 40035 | Elf:2    | Found Teneidin's Overcharged Wands.
 40035 | Elf:2    | Found Odeim's Weapon Emporium.
 40378 | Elf:2    | Reached skill level 5 in Armour
 40469 | Elf:2    | Found a runed translucent gate.
 40469 | Elf:2    | Found a runed translucent gate.
 40470 | Elf:2    | Found a runed translucent gate.
 41388 | Swamp:1  | Entered Level 1 of the Swamp
 41607 | Lair:3   | Gained mutation: You have claws for hands. [demonic
                  | ancestry]
 41607 | Lair:3   | Reached XP level 18. HP: 143/143 MP: 21/31
 42876 | Swamp:3  | Received a gift from Sif Muna
 43143 | Swamp:2  | Paralysed by a fenstrider witch for 7 turns
 43150 | Swamp:2  | HP: 3/143 [poison]
 43570 | Swamp:2  | Reached skill level 14 in Earth Magic
 44100 | Swamp:2  | Reached skill level 10 in Spellcasting
 45113 | Swamp:4  | Entered Level 4 of the Swamp
 45810 | Swamp:4  | Reached skill level 15 in Earth Magic
 45849 | Swamp:4  | Learned a level 9 spell: Shatter
 46103 | Swamp:4  | Got a decaying rune of Zot
 46527 | D:14     | Found a gate to the Vaults.
 46646 | Vaults:1 | Entered Level 1 of the Vaults
 46874 | Vaults:1 | Received a gift from Sif Muna
 46875 | Vaults:1 | Got Sif Muna's Volume of Earthen Attacks {god gift}
 46881 | Vaults:1 | Identified the +2 cloak of Zobbun {rCorr Stlth+}
 47559 | Vaults:1 | Reached skill level 16 in Earth Magic
 47559 | Vaults:1 | Gained mutation: You have an absolutely massive brain. (Int
                  | +6, Wiz) [demonic ancestry]
 47559 | Vaults:1 | Reached XP level 19. HP: 149/149 MP: 18/34
 48657 | Vaults:2 | Noticed Boris
 48661 | Vaults:2 | Killed Boris
 48974 | Vaults:2 | Reached skill level 17 in Earth Magic
 49652 | Vaults:2 | Paralysed by a sphinx for 5 turns
 49812 | Vaults:2 | Noticed Frederick
 49818 | Vaults:2 | Killed Frederick
 49976 | Vaults:2 | Found Ynauraoh's Antique Armour Emporium.
 50905 | Vaults:3 | Received a gift from Sif Muna
 50970 | Vaults:3 | Noticed Asterion
 51210 | Vaults:3 | Killed Asterion
 51667 | Vaults:3 | Found a staircase to the Crypt.
 51823 | Vaults:3 | Reached skill level 18 in Earth Magic
 52466 | Vaults:3 | Reached XP level 20. HP: 124/158 MP: 6/36
 53531 | Vaults:4 | Gained mutation: Armour fits poorly on your strangely
                  | shaped body. [mutagenic glow]
 53573 | Vaults:4 | Received a gift from Sif Muna
 54281 | Vaults:4 | Reached skill level 19 in Earth Magic
 54679 | Vaults:5 | Entered Level 5 of the Vaults
 54681 | Vaults:5 | Noticed an ancient lich
 54684 | Vaults:5 | Received a gift from Sif Muna
 54684 | Vaults:5 | Killed an ancient lich
 54687 | Vaults:5 | Identified the +1 leather armour "Joujiph" {rC+ rN+}
 54787 | Vaults:5 | Noticed a dread lich
 54788 | Vaults:5 | Killed a dread lich
 54789 | Vaults:5 | Reached skill level 15 in Fighting
 54790 | Vaults:5 | Gained mutation: Your magical and physical power is
                  | slightly enhanced at high health. [demonic ancestry]
 54790 | Vaults:5 | Reached XP level 21. HP: 120/168 MP: 28/39
 54887 | Vaults:5 | Identified the +3 long sword of a sewer {distort, rPois
                  | Will+ Str+3 Dex+3}
 54984 | Vaults:5 | Got a silver rune of Zot
 55126 | Vaults:5 | Reached skill level 20 in Earth Magic
 55648 | Vaults:5 | Identified the +7 spear of Docimn {holy, rF+ rC+}
 55722 | Vaults:5 | Identified the ring "Urer" {Fire Will+ Int+5 Dex+3}
 55847 | Vaults:5 | Identified the ring of Fumec {rC+ rN+++ Will+ AC+4 Int-2}
 55847 | Vaults:5 | Identified the ring of the Castellan {Wiz Dex+6 SInv
                  | Stlth-}
 55849 | Vaults:5 | Received a gift from Sif Muna
 55852 | Vaults:5 | Paralysed by a sphinx for 2 turns
 56060 | Crypt:1  | Entered Level 1 of the Crypt
 56480 | Crypt:1  | Noticed Boris
 56483 | Crypt:1  | Killed Boris
 56484 | Crypt:1  | Reached skill level 15 in Spellcasting
 57324 | Crypt:1  | Reached skill level 5 in Shields
 58503 | Crypt:2  | Received a gift from Sif Muna
 58504 | Crypt:2  | Got Sif Muna's Disquisition on Ensnaring Intoxication {god
                  | gift}
 58927 | Crypt:3  | Entered Level 3 of the Crypt
 59355 | Crypt:2  | Gained mutation: Your magical and physical power is
                  | enhanced at high health. [demonic ancestry]
 59355 | Crypt:2  | Reached XP level 22. HP: 179/179 MP: 22/41
 60112 | Crypt:3  | Noticed Sojobo
 60119 | Crypt:3  | Killed Sojobo
 60481 | Crypt:3  | Identified the +2 robe of Spring {Rampage Drain rN+ Int+4}
 60485 | Crypt:3  | Identified the +10 scythe of Taxation {speed, MP+9 SInv
                  | Stlth-}
 60538 | Crypt:3  | Paralysed by a sphinx for 2 turns
 60634 | Crypt:3  | Noticed Jory
 60641 | Crypt:3  | Killed Jory
 61648 | Crypt:3  | Received a gift from Sif Muna
 61650 | Crypt:3  | Got Jionanawn's Guide on Blistering Conjuration {god gift}
 61998 | Crypt:3  | Found an ancient bone altar of Kikubaaqudgha.
 62001 | Crypt:3  | Noticed a dread lich
 62003 | Crypt:3  | Killed a dread lich
 62022 | Crypt:3  | Noticed a dread lich
 62028 | Crypt:3  | Killed a dread lich
 62257 | Crypt:3  | Found a staircase to the Tomb.
 62906 | Elf:3    | Entered Level 3 of the Elven Halls
 63062 | Elf:3    | Reached skill level 1 in Ice Magic
 63238 | Elf:3    | Found the +8 whip "Snakebite" {venom, curare, rPois}
 63275 | Elf:3    | Identified the +4 dagger of the People {flame, rN+}
 64168 | Depths:1 | Entered Level 1 of the Depths
 64189 | Depths:1 | Reached skill level 5 in Ice Magic
 64358 | Depths:1 | Found Qautoj's Distillery.
 64368 | Depths:1 | Bought a potion of haste for 220 gold pieces
 64368 | Depths:1 | Bought a potion of magic for 176 gold pieces
 64368 | Depths:1 | Bought a potion of haste for 220 gold pieces
 64368 | Depths:1 | Bought a potion of resistance for 220 gold pieces
 64368 | Depths:1 | Bought a potion of heal wounds for 110 gold pieces
 64513 | Depths:1 | Received a gift from Sif Muna
 64551 | Depths:1 | Reached XP level 23. HP: 187/190 MP: 1/43
 64589 | Depths:1 | Found a gateway to Hell.
 64710 | Hell     | Entered the Vestibule of Hell
 64710 | Hell     | Noticed Geryon
 64712 | Hell     | Noticed Murray
 64714 | Hell     | Killed Murray
 64721 | Hell     | Killed Geryon
 64850 | Hell     | Received a gift from Sif Muna
 65006 | Hell     | Noticed a dread lich
 65008 | Hell     | Killed a dread lich
 65182 | Hell     | Found a gateway to the decaying netherworld of Tartarus.
 65278 | Hell     | Found a gateway to the Iron City of Dis.
 65287 | Dis:1    | Entered Level 1 of the Iron City of Dis
 65398 | Dis:1    | Noticed a dread lich
 65402 | Dis:1    | Killed a dread lich
 65987 | Dis:4    | You fall into a shaft and drop 2 floors!
 65987 | Dis:6    | Noticed a caustic shrike
 65987 | Dis:6    | Noticed a caustic shrike
 65987 | Dis:6    | Noticed a caustic shrike
 65991 | Dis:6    | Noticed a caustic shrike
 65991 | Dis:6    | Noticed a caustic shrike
 65991 | Dis:6    | Noticed a caustic shrike
 65991 | Dis:6    | Noticed a caustic shrike
 65991 | Dis:6    | Killed from afar by a Hell Sentinel

Illustrated notes

Levels and vault maps discovered:
D:1:      scummos_arrival_gate, layout_basic
D:2:      layout_loops_corners, chequers_ecumenical_altar_simple_redux,
          st_stairs_5, grunt_decor_cap, uniq_terence
D:3:      layout_loops_ring, serial_shops, nicolae_shop_statue_plus,
          st_stairs_13, uniq_ijyb
D:4:      layout_basic, uniq_menkaure
D:5:      layout_basic, gup_sewer_entry_glass, uniq_grinder
D:6:      layout_cave_pools, temple_doors_e, sigmund_army
D:7:      layout_cave_pods, mainiacjoe_overflow_six_doors_small
D:8:      layout_basic, elyvilon_altar_1, serial_bayou, serial_bayou_ford_a,
          serial_bayou_pond_a, serial_bayou_pond_c, serial_bayou_shore_a
D:9:      layout_small_grid, mainiacjoe_overflow_alcove_2,
          fedhas_altar_fruit_tree, erik_orc_2, minmay_misc_feat_diagonals
D:10:     layout_loops_corners, due_lair_maze_entry_diamond, kennysheep_path_1,
          uniq_sonja, uniq_nergalle, uniq_grum
D:11:     layout_rooms, minmay_the_grid_square_5x5_3x3_mashed
          [minmay_the_grid_square_5x5_three_small,
          minmay_the_grid_square_5x5_misaligned,
          minmay_the_grid_square_5x5_half_checkered,
          minmay_the_grid_square_5x5_three_walls,
          minmay_the_grid_square_5x5_megaprize_hollow,
          minmay_the_grid_square_5x5_eight,
          minmay_the_grid_square_5x5_minivault,
          minmay_the_grid_square_5x5_intrusive_squares,
          minmay_the_grid_square_5x5_empty]
D:12:     layout_basic, nicolae_shop_firing_range
D:13:     layout_cave_pools, serial_shops, nicolae_square_shop, uniq_urug
D:14:     layout_irregular_city, erik_vaults_2, nicolae_two_hexagons, uniq_snorg
D:15:     gammafunk_enter_depths_forms, layout_loops_ring, minivault_25,
          slow_altar_1, uniq_louise
Temple:   nicolae_temple_no_exploring_needed
Lair:1:   layout_cave_pods, nicolae_volcano_entry_two_sided,
          nzn_sisyphean_effort, uniq_joseph
Lair:2:   layout_loops_ring, gauntlet_entry_generic
Lair:3:   layout_roguey, swamp_mist, dummy_snake_entry, serial_forest,
          infiniplex_forest_pool, infiniplex_forest_straight_4,
          infiniplex_forest_straight_5, infiniplex_forest_straight_5,
          infiniplex_forest_lined_corner, st_stairs_9
Lair:4:   layout_roguey, serial_bayou_shore_b, uniq_josephine
Lair:5:   layout_loops_ring, nicolae_slime_entry_slimehenge,
          hellmonk_ghost_happy_afterlife, chequers_serial_rivers_large_a
Lair:6:   minmay_lair_end_enchanted_forest, layout_regular_city, minivault_24,
          eino_house_with_fridge, lemuel_fruit_fields
Swamp:1:  layout_basic_swamp, evilmike_swamp_ruin_rubble_1
Swamp:2:  layout_basic_swamp, evilmike_swamp_ruin_wall,
          nicolae_swamp_nymph_family_reunion
Swamp:3:  layout_falls_marsh, evilmike_swamp_ruin_house_4, swamp_pool1,
          st_swamp_mini
Swamp:4:  swamp_fiery, layout_basic_swamp, uniq_nikola, uniq_kirke,
          uniq_bai_suzhen
Snake:1:  layout_chambers, nicolae_snake_omega
Snake:2:  layout_misc_corridors, nicolae_snake_shapes
Snake:3:  layout_cave_town, minmay_shop_enchanted_jewellery
Snake:4:  grunt_snake_rune_pools, layout_onion_interference,
          nicolae_snake_gridmaze_squiggle
Orc:1:    layout_diamond_mine
Orc:2:    kennysheep_orc_mage_school, layout_caves, abandoned_shop, uniq_nessos
Elf:1:    minmay_elf_arrival_summoners, layout_gridlike, special_room
          [special_room_orc], minmay_elf_crystal_heptagon,
          hangedman_research_thanatology, uniq_roxanne
Elf:2:    elven_hall_of_blades_hangedman_original
          [nicolae_blade_entry_crossed_weapons], layout_geoelf_diagonals,
          serial_shops, nicolae_shop_bloodbath_and_beyond, shop_statue,
          nicolae_shop_overcharged_wands
Elf:3:    minmay_elf_hall_quartered_circle, layout_gridlike, chequers_big_river,
          corner_web_ring, item_on_display_a, minmay_shop_grove
Vaults:1: st_more_cells, ontoclasm_vaults_gateway, layout_vaults_omnigrid
Vaults:2: grunt_vaults_funnel, vaults_room_glass_cross,
          vaults_mumra_chevron_long, v_misc_15, v_misc_12, v_misc_3,
          v_alt_pattern_3, hangedman_vaults_impose, v_misc_30,
          vaults_room_fours, nicolae_vaults_mini_display_case,
          layout_vaults_omnibox, serial_shops, shop_statue, uniq_frederick,
          uniq_boris
Vaults:3: nicolae_vaults_little_squares_6, minmay_crypt_entry_vampire_xt,
          ontoclasm_vaults_decontamination, v_pattern_1, grunt_vaults_diagonal,
          nicolae_vaults_shelves_hall, hangedman_vaults_corner_blocks,
          v_misc_24, st_spiral_rooms, nicolae_vaults_little_squares_6,
          vaults_room_corners, vaults_mumra_hex, layout_vaults_big_room,
          uniq_asterion
Vaults:4: nicolae_vaults_little_squares_3, nicolae_vaults_octagons,
          nicolae_vaults_asterisk, vaults_dpeg_spiral, v_pattern_5,
          v_alt_pattern_1, nicolae_vaults_little_squares_6,
          nicolae_vaults_diagonal_hallway_7, hangedman_vaults_corner_blocks,
          ontoclasm_vaults_loading_screen, vaults_room_corners,
          layout_vaults_omnicross
Vaults:5
Crypt:1:  layout_misc_corridors
Crypt:2:  hangedman_hall_of_fallen_heroes, layout_gridlike, serial_glass,
          glass_columns_a, glass_columns_b
Crypt:3:  quadcrypt_mu, uniq_jory, uniq_sojobo
Depths:1: layout_cave_pools, hell_entry, serial_shops, shop_coins,
          hangedman_abyss_or_decor_jellyfish_corner, marbit_kobold_abyss_entry,
          ashenzari_conservatory_becter
Hell
Dis:1:    layout_subdivisions
Dis:2:    layout_subdivisions
Dis:3:    layout_subdivisions
Dis:4:    layout_subdivisions
Dis:6:    layout_regular_city, nicolae_dis_step_into_the_octagon

Skill      XL: |  1  2  3  4  5  6  7  8  9 10 11 12 13 14 15 16 17 18 19 20 21 22 23 |
---------------+----------------------------------------------------------------------+-----
Fighting       | 1 2 3 4 5 6 8 10 12 13 15 16 17 18 | 18.7
Spellcasting   | 3 4 7 9 11 12 14 15 16 17 | 17.5
Conjurations   | 5 6 7 9 11 12 14 | 14.9
Hexes          | 1 |  1.0
Translocations | 2 3 4 |  4.0
Invocations    | 4 7 9 |  9.4
Dodging        | 2 6 8 9 10 | 10.1
Fire Magic     | 1 5 6 |  6.1
Transmutations | 2 7 9 |  9.2
Earth Magic    | 2 7 9 11 13 16 18 19 20 | 20.5
Air Magic      | 1 |  1.2
Unarmed Combat | 5 7 8 |  8.7
Shields        | 4 6 7 |  7.9
Armour         | 1 5 |  5.5
Ice Magic      | 5 9 |  9.5
Stealth        | |  1.7

Action                   |  1- 3 |  4- 6 |  7- 9 | 10-12 | 13-15 | 16-18 | 19-21 | 22-24 || total
-------------------------+-------+-------+-------+-------+-------+-------+-------+-------++-------
Melee: Dagger            |     8 |    16 |    32 |    78 |       |       |       |       ||   134
       Punch             |       |       |       |     3 |     8 |    10 |       |       ||    21
       Spear             |       |       |       |    16 |   125 |       |       |       ||   141
       Unarmed           |       |       |       |       |   202 |   445 |    88 |   155 ||   890
       Staff             |       |       |       |       |       |     6 |    16 |     3 ||    25
Throw: Dart              |       |       |       |       |     5 |       |       |       ||     5
 Cast: Magic Dart        |    18 |       |       |       |       |       |       |       ||    18
       Searing Ray       |    22 |    39 |    45 |    48 |    39 |       |       |       ||   193
       Iskenderun's Myst |       |       |    64 |   216 |   249 |       |       |       ||   529
       Flame Wave        |       |       |       |    13 |    58 |       |       |       ||    71
       Irradiate         |       |       |       |       |    49 |    98 |    31 |     7 ||   185
       Iron Shot         |       |       |       |       |    25 |   303 |   209 |    44 ||   581
       Statue Form       |       |       |       |       |    16 |    65 |    20 |    12 ||   113
       Lee's Rapid Decon |       |       |       |       |       |    22 |    49 |       ||    71
       Shatter           |       |       |       |       |       |       |   114 |   119 ||   233
Invok: Channel Magic     |       |       |     1 |    15 |    11 |    17 |    21 |    13 ||    78
 Abil: End Transformatio |       |       |       |       |     2 |     7 |     5 |     2 ||    16
Evoke: Wand              |       |       |     7 |     4 |     1 |       |       |       ||    12
       Condenser vane    |       |       |       |       |     2 |     1 |       |       ||     3
  Use: Scroll            |     6 |     3 |     8 |     6 |    13 |     9 |     6 |     1 ||    52
       Potion            |       |     3 |       |     6 |     6 |     3 |     4 |     2 ||    24
 Stab: Sleeping          |     1 |       |       |     1 |       |     1 |       |       ||     3
       Petrified         |       |       |       |     1 |       |       |       |       ||     1
       Distracted        |       |       |       |       |       |     1 |     1 |       ||     2
Armor: Robe              |     2 |    18 |    21 |    12 |       |       |       |       ||    53
       Troll leather arm |       |       |       |    66 |    34 |    17 |    41 |    39 ||   197
       Skin              |       |       |       |     1 |   177 |   443 |   134 |    97 ||   852
       Ring mail         |       |       |       |       |   159 |    28 |       |       ||   187
Dodge: Dodged            |    14 |    25 |   108 |   334 |   880 |   837 |   206 |   139 ||  2543
Block: Other             |       |       |       |       |   124 |    60 |       |       ||   184
       Reflection        |       |       |       |       |    17 |    25 |    21 |     4 ||    67
       Buckler           |       |       |       |       |       |   349 |   147 |   116 ||   612
